 Dungeon Crawl Stone Soup version 0.32-a0-41-gec2d92a32c (webtiles) character file.

Game seed: 669953125890532739

32462 senseless the Grappler (level 13, -11/136 (137) HPs)
             Began as a Troll Berserker on Jan 25, 2024.
             Was a High Priest of Trog.
             Mangled by a red ugly thing (16 damage)
             ... on level 14 of the Dungeon on Jan 26, 2024.
             The game lasted 00:28:09 (10644 turns).

senseless the Grappler (Troll Berserker)           Turns: 10644, Time: 00:28:09

HP:   -11/136 (137) AC: 15    Str: 32    XL:     13   Next: 31%
MP:   12/12         EV: 13    Int:  3    God:    Trog [*****.]
Gold: 1509          SH:  5    Dex:  9    Spells: 12/12 levels left

rFire   . .          .
                       - Unarmed
rCold   . . .        (no shield)
rNeg    . . .        p - +1 steam dragon scales
rPois   +            (helmet restricted)
rElec   .            J - +2 cloak {rPois}
rCorr   .            (gloves unavailable)
SInv    .            (boots unavailable)
Will    .....        g - amulet "Jeqeabyu" {Reflect Rampage SH+5}
Stlth   +            z - +4 ring of slaying
HPRegen 1.22/turn    n - +4 ring of protection
MPRegen 0.13/turn

%: reflection, rampage
@: on berserk cooldown, slowed, lightly drained, very slow
A: large, unfitting armour, claws 3, regeneration 1, shaggy fur 1, tough skin 1
a: Renounce Religion, Berserk, Trog's Hand, Brothers in Arms


You were on level 14 of the Dungeon.
You worshipped Trog.
Trog was extremely pleased with you.
You visited 1 branch of the dungeon, and saw 14 of its levels.

You collected 1509 gold pieces.

Inventory:

Hand Weapons
 l - a +0 sling of freezing
 v - a +3 heavy sling
Missiles
 h - 20 poisoned darts
Armour
 p - +1 steam dragon scales (worn)
 G - a +1 robe of cold resistance
 J - a +2 cloak of poison resistance (worn)
 K - a +2 robe of willpower
Jewellery
 g - the amulet "Jeqeabyu" (around neck) {Reflect Rampage SH+5}
   (You acquired it on level 5 of the Dungeon)

   [amulet of reflection]

   Reflect:   It reflects blocked missile attacks.
   SH+5:      It affects your SH (+5).
   Rampage:   It bestows one free step when moving towards enemies.
 n - a +4 ring of protection (right claw)
 r - a +6 ring of strength
 z - a +4 ring of slaying (left claw)
 B - a ring of fire
 C - a +4 ring of protection
 F - a ring of ice
 P - a ring of see invisible
Talismans
 e - a beast talisman
 w - a maw talisman
 R - a serpent talisman
Wands
 s - a wand of iceblast (24)
 H - a wand of flame (5)
 I - a wand of acid (5)
 L - a wand of mindburst (6)
 Q - a wand of polymorph (3)
 S - a wand of charming (7)
Scrolls
 a - a scroll of revelation
 d - 2 scrolls of blinking
 f - 2 scrolls of enchant weapon
 k - 3 scrolls of fog
 m - 2 scrolls of amnesia
 o - 9 scrolls of teleportation
 u - 8 scrolls of identify
 y - a scroll of poison
 N - a scroll of immolation
Potions
 b - 4 potions of attraction
 c - 4 potions of curing
 i - 6 potions of heal wounds
 j - 2 potions of berserk rage
 q - 2 potions of mutation
 x - 2 potions of ambrosia
 A - 2 potions of cancellation
 D - a potion of brilliance
 E - 3 potions of lignification
 M - a potion of enlightenment
 O - a potion of magic
Miscellaneous
 t - a phial of floods


   Skills:
 + Level 11.5 Fighting
 + Level 11.3 Dodging
 + Level 13.4 Unarmed Combat
 * Level 3.7 Shapeshifting


You had 12 spell levels left.
You didn't know any spells.
Your spell library contained the following spells:

 Spells                   Type           Power      Damage    Failure   Level
 Kiss of Death            Conj/Necr      0%         2d5       52%         1
 Necrotise                Necr           0%         1d4       52%         1
 Shock                    Conj/Air       0%         1d3       52%         1
 Cigotuvi's Dreadful Rot  Necr/Alch/Air  0%         N/A       67%         2
 Ensorcelled Hibernation  Hex/Ice        0%         N/A       67%         2
 Lesser Beckoning         Tloc           0%         N/A       67%         2
 Static Discharge         Conj/Air       0%         3-3/arc   67%         2
 Confusing Touch          Hex            0%         N/A       88%         3
 Fugue of the Fallen      Necr           0%         N/A       88%         3
 Gell's Gravitas          Tloc           0%         N/A       88%         3
 Passwall                 Erth           0%         N/A       88%         3
 Summon Ice Beast         Ice/Summ       0%         N/A       88%         3
 Swiftness                Air            0%         N/A       88%         3
 Teleport Other           Tloc           0%         N/A       88%         3
 Tukima's Dance           Hex            0%         N/A       88%         3
 Airstrike                Air            0%         2d(0-16)  99%         4
 Anguish                  Hex/Necr       0%         N/A       99%         4
 Dimensional Bullseye     Hex/Tloc       0%         N/A       99%         4
 Dispel Undead            Necr           0%         3d6       99%         4
 Ignite Poison            Fire/Alch      0%         N/A       99%         4
 Iskenderun's Mystic Bla  Conj/Tloc      0%         2d3       99%         4
 Summon Lightning Spire   Summ/Air       0%         N/A       99%         4
 Freezing Cloud           Conj/Ice/Air   0%         6-21      100%        5
 Summon Mana Viper        Hex/Summ       0%         N/A       100%        5
 Monstrous Menagerie      Summ           0%         N/A       100%        7


Dungeon Overview and Level Annotations

Branches:
Dungeon (14/15)            Temple (0/1) D:5            Lair (0/5) D:11
    Orc (0/2) D:11
 Vaults: D:13-14

Altars:
Ashenzari
Dithmenos
Fedhas
Hepliaklqana
Kikubaaqudgha
Makhleb
Nemelex Xobeh
Sif Muna
Trog
Uskayaw
Vehumet
Xom
Yredelemnul
The Shining One

Shops:
D:1 =   D:14 (

Annotations:
D:8 TobyConnect's ghost, novice TrMo


Innate Abilities, Weirdness & Mutations

You are too large for most types of armour.
You have claws for hands.
Your natural rate of healing is unusually fast.
You are covered in fur. (AC +1)
You have tough skin. (AC +1)


Message History

You are too injured to fight recklessly!
You are too injured to fight recklessly!
You are too injured to fight recklessly!
You are too injured to fight recklessly!
You are too injured to fight recklessly!
You are too injured to fight recklessly!
You are too injured to fight recklessly!
You are too injured to fight recklessly!
You are too injured to fight recklessly!
You are too injured to fight recklessly!
You are too injured to fight recklessly!
You are too injured to fight recklessly!
You are too injured to fight recklessly!
Found Sinotz's Antique Weapon Shoppe.
The red ugly thing attacks as it pursues you!
The red ugly thing gores you.
You are engulfed in flames!
The troll misses you. The troll closely misses you.
The troll completely misses you. The troll bites you!
The troll closely misses you. x2
The skeletal warrior hits you with a +0 long sword.
* * * LOW HITPOINT WARNING * * *
The skeletal warrior attacks as it pursues you!
The skeletal warrior hits you with a +0 long sword!!
* * * LOW HITPOINT WARNING * * *
The red ugly thing headbutts you but does no damage.
The skeletal warrior hits you with a +0 long sword!
* * * LOW HITPOINT WARNING * * *
The troll barely misses you. The troll claws you.
* * * LOW HITPOINT WARNING * * *
You block the troll's attack.
The red ugly thing headbutts you but does no damage.
You feel much better.
The skeletal warrior hits you with a +0 long sword!
* * * LOW HITPOINT WARNING * * *
The troll bites you.
* * * LOW HITPOINT WARNING * * *
You block the troll's attack. The troll misses you.
The red ugly thing headbutts you!
* * * LOW HITPOINT WARNING * * *
You are engulfed in flames!
You die...

...##..#######.## ..
................ ...
.####..#######.# ....
. #...### #..#
##..... .
#..#..<###..#
####...# .
#.####.##...###..††##
# #..
##..#.#(##......# #.#
#.....#..#u....##. ..
#.#.####)@zu...'...
#.#
#.#.#.....T....'...∩
.......##......'....
...####. #......##...
#### . #.......##..
#. ..#......### .
#..##...... ## ##.#
######


You could see 2 ugly things, a skeletal warrior and a troll.

Vanquished Creatures
  Fannar (D:10)
  The ghost of cheburek the Mimic, a journeyman MfSh of Wu Jian (D:11)
  2 hydras
  2 ogre magi (D:10)
  2 centaur warriors (D:13)
  4 two-headed ogres
  A boulder beetle (D:10)
  A dancing weapon (D:11)
  Lodul (D:12)
  7 ugly things
  Pikel (D:8)
  2 deep elf pyromancers
  A wolf spider (D:10)
  8 cyclopes
  Maurice (D:10)
  A gargoyle (D:13)
  A komodo dragon (shapeshifter) (D:10)
  A komodo dragon (D:10)
  Psyche (D:10)
  2 trolls
  2 hornets
  5 slime creatures (D:12)
  A shadow (D:10)
  2 water elementals (D:12)
  22 yaks
  6 wraiths
  4 wyverns
  3 basilisks
  3 steam dragons
  An acid dragon (D:12)
  3 water moccasins (D:7)
  9 orc warriors
  4 sky beasts
  A black bear (D:11)
  4 laughing skulls (D:14)
  3 ice beasts
  12 ogres
  7 centaurs
  A phantom (D:5)
  2 lemures (D:8)
  3 kobold brigands
  3 bullfrogs
  2 scorpions
  10 wights
  14 killer bees
  4 electric eels (D:12)
  7 howler monkeys
  A bombardier beetle (D:5)
  2 hounds
  4 jellies
  9 orc priests
  A gnoll bouda (D:7)
  5 iguanas
  2 scorpion zombies (D:3)
  Terence (D:2)
  4 sleepcaps
  14 orc wizards
  2 killer bee zombies (D:7)
  A centaur simulacrum (D:8)
  A killer bee simulacrum (D:8)
  10 adders
  12 gnolls
  6 white imps
  2 ufetubi (D:7)
  An adder zombie (D:3)
  3 dart slugs
  52 orcs
  A ball python (D:1)
  5 endoplasms
  2 giant cockroaches
  9 goblins
  4 jackals (D:5)
  19 kobolds
  4 quokkas
  A ball python zombie (D:3)
  4 bats
  3 frilled lizards (D:1)
  5 rats
  2 butterflies (D:10)
371 creatures vanquished.

Notes
Turn   | Place    | Note
-------+----------+-------------------------------------------
     0 | D:1      | senseless the Troll Berserker began the quest for the Orb.
     0 | D:1      | Reached XP level 1. HP: 22/22 MP: 0/0
    98 | D:1      | Found a transporter.
   103 | D:1      | Found Tumm's Jewellery Boutique.
   105 | D:1      | Found a transporter.
   204 | D:1      | Reached XP level 2. HP: 27/29 MP: 1/1
   854 | D:2      | Noticed Terence
   862 | D:2      | Killed Terence
   862 | D:2      | Reached ** piety under Trog
   863 | D:2      | Reached XP level 3. HP: 33/37 MP: 2/2
  1060 | D:2      | Reached XP level 4. HP: 43/45 MP: 3/3
  1908 | D:3      | Found a basalt altar of Yredelemnul.
  1915 | D:3      | Reached skill level 4 in Unarmed Combat
  1937 | D:3      | Reached XP level 5. HP: 51/53 MP: 4/4
  2332 | D:4      | Noticed an ogre
  2344 | D:4      | Killed an ogre
  2345 | D:4      | Reached XP level 6. HP: 19/62 MP: 5/5
  2453 | D:4      | Reached skill level 5 in Unarmed Combat
  2482 | D:4      | You fall into a shaft and drop 2 floors!
  2516 | D:5      | Entered Level 5 of the Dungeon
  2550 | D:4      | Reached *** piety under Trog
  2621 | D:4      | Reached XP level 7. HP: 71/71 MP: 6/6
  2918 | D:5      | Identified a scroll of acquirement
  2918 | D:5      | Acquired the amulet "Jeqeabyu" {Reflect Rampage SH+5}
  3249 | D:5      | Found a staircase to the Ecumenical Temple.
  3457 | D:6      | Found a blossoming altar of Fedhas.
  3521 | D:6      | Reached skill level 5 in Fighting
  3521 | D:6      | Reached skill level 5 in Dodging
  3521 | D:6      | Reached skill level 6 in Unarmed Combat
  3540 | D:6      | Reached XP level 8. HP: 48/80 MP: 7/7
  3888 | D:7      | Reached skill level 7 in Unarmed Combat
  3997 | D:7      | Reached XP level 9. HP: 88/89 MP: 8/8
  4011 | D:7      | Reached **** piety under Trog
  4149 | D:7      | Reached skill level 8 in Unarmed Combat
  4542 | D:7      | Noticed a two-headed ogre
  4547 | D:7      | Killed a two-headed ogre
  4548 | D:7      | Reached XP level 10. HP: 102/102 MP: 9/9
  4558 | D:7      | Reached skill level 9 in Unarmed Combat
  4888 | D:8      | Found a runed translucent gate.
  4888 | D:8      | Found a runed translucent gate.
  4889 | D:8      | Found a runed translucent gate.
  4901 | D:8      | Found a shadowy altar of Dithmenos.
  4946 | D:8      | Found a glowing golden altar of the Shining One.
  4949 | D:8      | Found a bloodstained altar of Trog.
  5010 | D:8      | Found a broken altar of Ashenzari.
  5147 | D:8      | Noticed Pikel
  5155 | D:8      | Killed Pikel
  5246 | D:8      | Found a sparkling altar of Nemelex Xobeh.
  5329 | D:8      | Reached ***** piety under Trog
  5363 | D:8      | Noticed TobyConnect's ghost (novice TrMo)
  6192 | D:9      | Reached skill level 10 in Unarmed Combat
  6397 | D:9      | Found a radiant altar of Vehumet.
  6401 | D:9      | Found a shimmering blue altar of Sif Muna.
  6401 | D:9      | Found an ancient bone altar of Kikubaaqudgha.
  6407 | D:9      | Got Kikubaaqudgha's Tome of Corpses
  6481 | D:9      | Found a hide-covered altar of Uskayaw.
  6481 | D:9      | Found a hazy altar of Hepliaklqana.
  6538 | D:9      | Noticed a two-headed ogre
  6542 | D:9      | Killed a two-headed ogre
  6543 | D:9      | Reached XP level 11. HP: 113/113 MP: 10/10
  6646 | D:10     | Entered Level 10 of the Dungeon
  6663 | D:10     | Found a burning altar of Makhleb.
  6807 | D:10     | Noticed Fannar
  6814 | D:10     | Killed Fannar
  6830 | D:10     | Found a shimmering altar of Xom.
  7009 | D:10     | Paralysed by a hornet for 1 turns
  7120 | D:10     | Noticed an ogre mage
  7121 | D:10     | Noticed a four-headed hydra
  7130 | D:10     | Killed a ten-headed hydra
  7131 | D:10     | Reached skill level 11 in Unarmed Combat
  7133 | D:10     | Killed an ogre mage
  7134 | D:10     | Noticed a wolf spider
  7140 | D:10     | Killed a wolf spider
  7252 | D:10     | Noticed an ogre mage
  7258 | D:10     | Killed an ogre mage
  7260 | D:10     | Noticed a boulder beetle
  7280 | D:10     | Killed a boulder beetle
  7281 | D:10     | Reached skill level 10 in Fighting
  7418 | D:10     | Noticed Maurice
  7428 | D:10     | Killed Maurice
  7490 | D:10     | Reached XP level 12. HP: 126/126 MP: 11/11
  7492 | D:10     | Reached skill level 10 in Dodging
  7563 | D:10     | Noticed Psyche
  7574 | D:10     | Killed Psyche
  7764 | D:11     | Noticed a two-headed ogre
  7765 | D:11     | Found a staircase to the Orcish Mines.
  7768 | D:11     | Killed a two-headed ogre
  7769 | D:11     | Reached skill level 12 in Unarmed Combat
  7828 | D:11     | Found a staircase to the Lair.
  8159 | D:11     | Found a runed translucent door.
  8159 | D:11     | Found a shimmering altar of Xom.
  8159 | D:11     | Noticed cheburek's ghost (journeyman MfSh)
  8168 | D:11     | Killed cheburek's ghost
  8174 | D:11     | Identified the +1 sling "Itwul" {drain, rC+}
  8261 | D:11     | Noticed a two-headed ogre
  8267 | D:11     | Killed a two-headed ogre
  8271 | D:11     | Received a gift from Trog
  9098 | D:12     | Noticed Lodul
  9104 | D:12     | Reached skill level 13 in Unarmed Combat
  9116 | D:12     | Killed Lodul
  9644 | D:13     | Reached skill level 1 in Shapeshifting
  9812 | D:13     | Noticed a centaur warrior
  9818 | D:13     | Killed a centaur warrior
  9818 | D:13     | Received a gift from Trog
  9819 | D:13     | Reached XP level 13. HP: 134/137 MP: 12/12
 10640 | D:14     | Found Sinotz's Antique Weapon Shoppe.
 10643 | D:14     | HP: 4/136 [troll (shapeshifter) (4)]
 10644 | D:14     | Mangled by a red ugly thing

Illustrated notes

Levels and vault maps discovered:
D:1:      psy_arrival_radial02, layout_loops_ring, serial_shops,
          nicolae_shop_drivethru, nicolae_figureground_sparkle
D:2:      layout_basic, uniq_terence
D:3:      layout_rooms, nicolae_yredelemnul_corpse_copse, lightli_corner_chamber
D:4:      layout_rooms, lemuel_flame_loot_1
D:5:      layout_rooms, minmay_temple_entry_glass
D:6:      layout_rooms, kennysheep_mini, minmay_strange_pillars,
          hangedman_abyss_or_decor_stagger
D:7:      regret_index_malice_mire, layout_cave_pools
D:8:      layout_cave_pods, mainiacjoe_overflow_24_doors,
          overflow_temple_1_default, gammafunk_temple_overflow_forgotten,
          gammafunk_ghost_icy, uniq_pikel
D:9:      layout_gridville, grunt_temple_overflow_magic_moments,
          gammafunk_temple_overflow_pools
D:10:     hangedman_cross_veins, layout_long_grid, mainiacjoe_overflow_catwalk,
          xom_butterflies, uniq_maurice, uniq_psyche, uniq_fannar
D:11:     layout_cave_pods, david_lair_generic, orc_0_dummy, ebering_ghost_xom
D:12:     layout_basic, uniq_lodul
D:13:     layout_roguey [special_room_orc], serial_co_window_serial,
          co_window_corner_a, co_window_paths_a, co_window_corner_a,
          co_window_corner_a, co_window_paths_a, co_window_corner_ca,
          co_window_of_opportunity_c, co_window_2corner, co_window_corner_b,
          glass_columns_a, glass_columns_b, glass_columns_a, glass_columns_a,
          grunt_decor_resistance
D:14:     layout_rooms, david_vaults_5, kennysheep_windowed_goal

Skill      XL: |  1  2  3  4  5  6  7  8  9 10 11 12 13 |
---------------+----------------------------------------+-----
Fighting       | 3 4 5 6 7 8 10 11 | 11.5
Dodging        | 3 4 5 6 7 8 9 11 | 11.3
Unarmed Combat | 4 5 6 7 8 10 11 13 | 13.4
Shapeshifting  | 1 3 |  3.7

Action                     |  1- 3 |  4- 6 |  7- 9 | 10-12 | 13-15 || total
---------------------------+-------+-------+-------+-------+-------++-------
  Melee: Unarmed           |    73 |   105 |   234 |   523 |    91 ||  1026
         Punch             |     1 |     4 |     9 |    32 |     8 ||    54
 Invoke: Berserk           |     1 |     2 |     7 |    12 |     2 ||    24
    Use: Scroll            |       |       |    18 |     7 |     1 ||    26
         Potion            |       |       |     1 |       |     1 ||     2
 Armour: Animal skin       |    52 |    66 |   121 |       |       ||   239
         Steam dragon scal |       |       |    65 |   361 |    66 ||   492
  Dodge: Dodged            |    41 |    56 |   121 |   251 |    56 ||   525
  Block: Other             |       |       |    51 |    99 |    13 ||   163
         Reflection        |       |       |     1 |     3 |     1 ||     5
         Form:             |       |       |     1 |       |       ||     1
         Beast             |       |       |     1 |       |       ||     1

Table legend: (Time is in decaauts)
 A = Elapsed time spent in this place.
 B = Non-inter-level travel time spent in this place.
 C = Inter-level travel time spent in this place.
 D = Time resting spent in this place.
 E = Time spent auto-exploring this place.
 F = Levels seen in this place.
 G = Mean time per level.
                   A        B        C        D        E       F      G
               +--------+--------+--------+--------+--------+-----+--------+
         Total |  10651 |  10209 |    442 |    393 |   8011 |  14 |  760.8 |
       Dungeon |  10651 |  10209 |    442 |    393 |   8011 |  14 |  760.8 |
               +--------+--------+--------+--------+--------+-----+--------+

Top non-repeatable levels by time:
     D:7: 1091 daAuts
    D:10: 1089 daAuts
    D:12: 948 daAuts
     D:2: 945 daAuts
    D:13: 933 daAuts
     D:8: 915 daAuts
    D:11: 909 daAuts
     D:1: 833 daAuts
     D:9: 816 daAuts
     D:3: 601 daAuts
     D:5: 522 daAuts
     D:6: 477 daAuts
     D:4: 475 daAuts
    D:14: 89 daAuts
